 Dungeon Crawl Stone Soup version 0.21.1-1-g345015fe64 (webtiles) character file.

28 Ivernyr the Shooter (level 3, -3/28 HPs)
             Began as a Centaur Arcane Marksman on Mar 24, 2018.
             Slain by a gnoll
             ... wielding a +0 spear
              (6 damage)
             ... on level 2 of the Dungeon.
             The game lasted 00:03:34 (1392 turns).

Ivernyr the Shooter (Centaur Arcane Marksman)       Turns: 1392, Time: 00:03:34

Health: -3/28      AC:  4    Str: 12    XL:     3   Next: 0%
Magic:  4/4        EV:  9    Int: 12    God:
Gold:   21         SH:  0    Dex: 10    Spells: 3/4 levels left

rFire    . . .     SeeInvis .   (no weapon)
rCold    . . .     Gourm    .   (no shield)
rNeg     . . .     Faith    .   e - +0 robe
rPois    .         Spirit   .   (no helmet)
rElec    .         Reflect  .   (no cloak)
rCorr    .         Harm     .   (no gloves)
MR       .....                  (no barding)
Stlth    +.........             (no amulet)
HPRegen  0.09/turn              (no ring)
MPRegen  0.09/turn              (no ring)

@: very quick
A: large, hooves 3, deformed body, speed 2, tough skin 3
a: no special abilities


You were on level 2 of the Dungeon.
You were not hungry.

You visited 1 branch of the dungeon, and saw 2 of its levels.

You collected 21 gold pieces.

Inventory:

Hand Weapons
 a - a +0 shortbow
Missiles
 d - 20 arrows
Armour
 e - a +0 robe (worn)
Scrolls
 b - 3 scrolls of remove curse {unknown}
 h - a scroll of identify {unknown}
 k - a scroll of random uselessness {unknown}
Potions
 g - a potion of flight {unknown}
 i - a potion of mutation {unknown}
 j - a potion of curing {unknown}
 l - a potion of invisibility {unknown}
Books
 c - a book of Debilitation

   Spells                             Type                      Level
   a - Corona                         Hexes                        1
   b - Slow                           Hexes                        2
   c - Inner Flame                    Hexes/Fire                   3
   d - Portal Projectile              Hexes/Translocation          3
   e - Cause Fear                     Hexes                        4
   f - Leda's Liquefaction            Hexes/Earth                  4
Comestibles
 f - 3 rations


   Skills:
 + Level 1.6 Fighting
 * Level 3.9 Bows
 - Level 1.3 Dodging
 - Level 1.0 Spellcasting
 + Level 3.0 Hexes


You had 3 spell levels left.
You knew the following spells:

 Your Spells              Type           Power        Failure   Level  Hunger
a - Corona                Hex            #......      9%          1    ##.....


Dungeon Overview and Level Annotations

Branches:
Dungeon (2/15)

Altars:


Innate Abilities, Weirdness & Mutations

You have hooves in place of feet.
Armour fits poorly on your strangely shaped body.
You cover ground very quickly.
You have extremely tough skin. (AC +3)


Message History

You barely miss the gnoll. The gnoll hits you!
* * * LOW HITPOINT WARNING * * *
You closely miss the gnoll. The gnoll hits you but does no damage.
You barely miss the gnoll. The gnoll barely misses you.
You barely miss the gnoll. The gnoll hits you but does no damage.
The gnoll hits you.
* * * LOW HITPOINT WARNING * * *
You hit the gnoll. You kick the gnoll.
The gnoll is lightly wounded.
The gnoll hits you but does no damage. The gnoll barely misses you.
The gnoll hits you but does no damage.
You completely miss the gnoll. You kick the gnoll.
The gnoll is heavily wounded.
The gnoll hits you from afar with a spear.
* * * LOW HITPOINT WARNING * * *
The gnoll barely misses you. The gnoll closely misses you.
You hit the gnoll.
The gnoll is severely wounded.
The gnoll hits you from afar with a spear.
You die...

+##.##....## .#
#.....##### #.#.#
#..⌠..# #.#.# ##....#
#.#.# ##.#.# #.#.#
#.#.# ##### #.#.####
#.#.###...###.......
#.#.......##g.#.#####g.
#.#####...@grg.........
######g########.# #.#
..# ####


You could see 4 gnolls and a rat.

Vanquished Creatures
  An ooze (D:1)
  A worm (D:2)
  2 giant cockroaches (D:1)
  3 goblins (D:1)
  4 hobgoblins (D:1)
  4 bats
  A frilled lizard (D:1)
  2 kobolds
  A rat (D:1)
19 creatures vanquished.

Notes
Turn   | Place    | Note
-------+----------+-------------------------------------------
     0 | D:1      | Ivernyr the Centaur Arcane Marksman began the quest for the Orb.
     0 | D:1      | Reached XP level 1. HP: 16/16 MP: 2/2
   356 | D:1      | Reached XP level 2. HP: 21/23 MP: 3/3
  1369 | D:2      | Reached XP level 3. HP: 27/28 MP: 4/4
  1392 | D:2      | Slain by a gnoll

Skill      XL: |  1  2 |
---------------+-------+-----
Bows           | 3 |  3.9
Hexes          | 3 |  3.0
Fighting       | |  1.6
Dodging        | |  1.3
Spellcasting   | |  1.0

Action                   || total
-------------------------++-------
Melee: Unarmed           ||   112
       Kick              ||    22
 Cast: Corona            ||     3
  Eat: Chunk             ||     1
Armor: Robe              ||    33
Dodge: Dodged            ||    55
